 Dungeon Crawl Stone Soup version 0.31-a0-202-g547052bce9 (webtiles) character file.

Game seed: 14442701172306970819

126 qw the Skirmisher (level 4, 0/25 HPs)
             Began as a Deep Elf Hunter on June 26, 2023.
             Slain by a crimson imp
             ... wielding a +2 dagger of chaos
              (6 damage)
             ... on level 3 of the Dungeon.
             The game lasted 00:00:47 (2016 turns).

qw the Skirmisher (Deep Elf Hunter)                 Turns: 2016, Time: 00:00:47

Health: 0/25       AC:  7    Str: 10    XL:     4   Next: 84%
Magic:  6/6        EV: 16    Int: 14    God:
Gold:   9          SH:  0    Dex: 18    Spells: 3/3 levels left

rFire   . . .        Y - +0 shortbow
rCold   . . .        (shield currently unavailable)
rNeg    . . .        e - +0 ring mail
rPois   .            b - +0 helmet
rElec   .            (no cloak)
rCorr   .            h - +0 pair of gloves
SInv    .            (no boots)
Will    .....        (no amulet)
Stlth   +            (no ring)
HPRegen 0.24/turn    (no ring)
MPRegen 0.10/turn

%: no passive effects
@: agile
A: no striking features
a: no special abilities


You were on level 3 of the Dungeon.
You visited 1 branch of the dungeon, and saw 3 of its levels.

You collected 124 gold pieces.
You spent 115 gold pieces at shops.


   Skills:
 - Level 1.5 Fighting
 + Level 8.2 Ranged Weapons
 - Level 2.4 Dodging
 - Level 1.2 Stealth


You had 3 spell levels left.
You didn't know any spells.
Your spell library was empty.

Inventory:

Hand Weapons
 Y - a +0 shortbow (weapon)
Armour
 b - a +0 helmet (worn)
 e - a +0 ring mail (worn)
 h - a +0 pair of gloves (worn)
Scrolls
 d - a scroll of teleportation {unknown}
 i - a scroll of acquirement {unknown}
 j - a scroll of identify
Potions
 a - a potion of enlightenment {unknown}
 c - a potion of brilliance {unknown}
 f - a potion of heal wounds {unknown}
 g - 3 potions of curing {unknown}
 l - a potion of lignification {unknown}

Dungeon Overview and Level Annotations

Branches:
Dungeon (3/15)

Altars:
Ashenzari
Makhleb
Xom

Shops:
D:3 *


Message History

You feel very sick.
The crimson imp blinks!
2007 ||| FLEEEEING.
You feel sick.
2008 ||| FLEEEEING.
You feel sick.
2009 ||| FLEEEEING.
You feel sick.
2010 ||| FLEEEEING.
You feel sick.
2011 ||| FLEEEEING.
You feel sick.
The crimson imp picks up a beetle and eats it.
Enter note:
Enter note:
Enter note:
Enter note:
Enter note:
Enter note:
2012 ||| FLEEEEING.
You feel sick.
Enter note:
Enter note:
Enter note:
Enter note:
Enter note:
Enter note:
2013 ||| FLEEEEING.
You feel sick.
You shoot an arrow. The arrow misses the crimson imp.
You feel sick.
You are no longer poisoned.
The crimson imp shouts, "Get thee gone, thou gleeking common-kissing mule!"
You shoot an arrow. The arrow hits the crimson imp.
The crimson imp is lightly wounded.
You shoot an arrow.
The arrow barely misses the crimson imp.
The crimson imp picks up a beetle and eats it.
The crimson imp hits you with a +2 dagger of chaos.
You die...

#.#.#####.._#.#.....
#.#.##..'...#.#...#.
#####.#.##.##.._#.###.#.
............#####.).>...
........#..##.....#.#.#.
........#.#########.#.#.
..........# #.#.#. ## ..#####5.##
#.#.#. .. . +....@.# ########'#.#
######+###..........#
###.....##..........## ######
........##............
.....#######..#...............###
.....##..'\#..#..###.....###.##
.....##.####.###.#####_#####.#
###.......#### #.###.....###.#
#.####### #...............


You could see a crimson imp.

Vanquished Creatures
  4 gnolls
  2 adders (D:3)
  A worm (D:1)
  A dart slug (D:3)
  An orc (D:3)
  7 ball pythons
  7 bats
  5 endoplasms
  7 goblins
  5 hobgoblins
  5 jackals
  2 quokkas (D:3)
  5 frilled lizards
  4 kobolds
  4 rats
60 creatures vanquished.

Notes
Turn   | Place    | Note
-------+----------+-------------------------------------------
     0 | D:1      | qw the Deep Elf Hunter began the quest for the Orb.
     0 | D:1      | Reached XP level 1. HP: 12/12 MP: 3/3
     0 | D:1      | 0 ||| qw: Version: 0.3-a-22-g0ed2b0b
     0 | D:1      | 0 ||| qw: Game counter: 6334
     0 | D:1      | 0 ||| qw: Melee chars always use a shield: true
     0 | D:1      | 0 ||| qw: God list: Okawaru
     0 | D:1      | 0 ||| qw: Allow faded altars: false
     0 | D:1      | 0 ||| qw: Do Orc after clearing Dungeon:15 true
     0 | D:1      | 0 ||| qw: Do second Lair branch before Depths: true
     0 | D:1      | 0 ||| qw: Lair rune preference: random
     0 | D:1      | 0 ||| qw: Goals: Normal
     0 | D:1      | 0 ||| PLANNING D:1-11
   146 | D:1      | Reached XP level 2. HP: 16/16 MP: 4/4
   200 | D:1      | Reached skill level 6 in Ranged Weapons
   706 | D:1      | 706 ||| UPGRADING to +0 ring mail.
   716 | D:1      | 716 ||| DROPPING +0 leather armour.
   717 | D:1      | 717 ||| UPGRADING to +0 pair of gloves.
   722 | D:1      | 722 ||| READING scroll labelled JYL HIVVYQO.
   723 | D:1      | 723 ||| READING scroll labelled ORI MOCRYEFFAG.
   724 | D:1      | 724 ||| READING scroll labelled DEIGIUTUTI.
   725 | D:1      | 725 ||| READING scroll labelled LOIDUO HIUZIYD.
   726 | D:1      | 726 ||| DROPPING scroll of butterflies.
   769 | D:2      | Reached XP level 3. HP: 20/20 MP: 5/5
   771 | D:2      | Reached skill level 7 in Ranged Weapons
   772 | D:2      | 772 ||| STAIRDANCE
   774 | D:1      | HP: 2/20 [worm (7)]
   857 | D:2      | 857 ||| STAIRDANCE
   862 | D:1      | Reached XP level 4. HP: 21/25 MP: 6/6
  1601 | D:2      | 1601 ||| UPGRADING to +0 helmet.
  1606 | D:2      | 1606 ||| READING scroll labelled XIUQUO RIUGHO.
  1607 | D:2      | 1607 ||| READING scroll labelled ROCHUA CAWAGO.
  1608 | D:2      | 1608 ||| DRINKING 2 glowing blue potions.
  1609 | D:2      | 1609 ||| DROPPING potion of attraction.
  1724 | D:3      | Reached skill level 8 in Ranged Weapons
  1755 | D:3      | Found Voheuk's Assorted Antiques.
  1758 | D:3      | 1758 ||| BUYING 2 murky blue potions (43 gold).
  1758 | D:3      | Bought 2 murky blue potions for 43 gold pieces
  1758 | D:3      | 1758 ||| BUYING scroll labelled ENGORI GATAUCOY (24 gold).
  1758 | D:3      | Bought a scroll labelled ENGORI GATAUCOY for 24 gold pieces
  1758 | D:3      | 1758 ||| BUYING scroll of identify (48 gold).
  1758 | D:3      | Bought a scroll of identify for 48 gold pieces
  1817 | D:3      | Found a broken altar of Ashenzari.
  2001 | D:3      | Found a shimmering altar of Xom.
  2001 | D:3      | Found a burning altar of Makhleb.
  2007 | D:3      | 2007 ||| FLEEEEING.
  2008 | D:3      | 2008 ||| FLEEEEING.
  2009 | D:3      | 2009 ||| FLEEEEING.
  2010 | D:3      | 2010 ||| FLEEEEING.
  2011 | D:3      | 2011 ||| FLEEEEING.
  2012 | D:3      | 2012 ||| FLEEEEING.
  2013 | D:3      | 2013 ||| FLEEEEING.
  2013 | D:3      | HP: 6/25 [poisoned by a crimson imp]
  2016 | D:3      | Slain by a crimson imp

Levels and vault maps discovered:
D:1:      tekkud_arrival_beachfront_property, layout_basic
D:2:      layout_loops_cross
D:3:      cheibrodos_helix_gallery, layout_basic, nicolae_uskayaw_suspiria,
          grunt_temple_overflow_champion_of_chaos,
          nicolae_qazlal_style_of_elements, cheibrodos_ashenzari_chains,
          hellmonk_ecumenical_altar_crossroads, serial_shops,
          nicolae_shop_window_shopping, minmay_misc_feat_pillars,
          nrook_mini_vaults

Skill      XL: |  1  2  3  4 |
---------------+-------------+-----
Ranged Weapons | 6 7 8 |  8.2
Fighting       | |  1.5
Dodging        | |  2.4
Stealth        | |  1.2

Action                     |  1- 3 |  4- 6 || total
---------------------------+-------+-------++-------
   Fire: Shortbow          |    64 |    95 ||   159
    Use: Scroll            |     4 |     2 ||     6
         Potion            |       |     1 ||     1
 Armour: Leather armour    |     4 |       ||     4
         Ring mail         |     7 |    15 ||    22
  Dodge: Dodged            |    19 |    29 ||    48

Table legend:
 A = Non-vault XP
 B = Vault XP
 C = Vault XP percentage of total XP
 D = Non-vault monster count
 E = Vault monster count
 F = Vault count percentage of total count
                 A         B        C        D         E       F
            +---------+---------+-------+---------+---------+-------
      Total |     179 |       2 |   1.1 |      59 |       1 |   1.7
            +---------+---------+-------+---------+---------+-------
        D:1 |      74 |       0 |   0.0 |      26 |       0 |   0.0
        D:2 |      58 |       0 |   0.0 |      22 |       0 |   0.0
        D:3 |      47 |       2 |   4.1 |      11 |       1 |   8.3
            +---------+---------+-------+---------+---------+-------
